 Dungeon Crawl Stone Soup version 0.16.2-12-gd0ad4c3 (webtiles) character file.

122338 Kloppie the Warrior (level 16, 0/108 HPs)
             Began as a Gargoyle Berserker on Oct 29, 2015.
             Was a High Priest of Trog.
             Slain by a black mamba (9 damage)
             ... on level 1 of the Snake Pit.
             The game lasted 01:32:48 (29438 turns).

Kloppie the Warrior (Gargoyle Berserker)           Turns: 29438, Time: 01:32:48

Health: 0/108      AC: 42    Str: 24    XL:     16   Next: 87%
Magic:  3/9        EV: 12    Int:  8    God:    Trog [*****.]
Gold:   2308       SH:  0    Dex: 13    Spells: 0 memorised, 15 levels left

rFire  . . .     SeeInvis .     a - +4 great mace (antimagic)
rCold  + . .     Clarity  .     C - +0 plate armour
rNeg   + . .     SustAb   .     (no shield)
rPois  ∞         Gourm    .     K - +1 helmet
rElec  +         Spirit   .     h - +2 cloak
rCorr  +         Warding  .     d - +1 pair of gloves
rMut   .         Stasis   .     (no boots)
MR     +++..                    N - amulet of resist corrosion
Stlth  ..........               L - +5 ring of protection
                                s - ring of protection from cold

@: exhausted, regenerating, slowed, very slow, extremely resistant to hostile
enchantments, extremely unstealthy
A: able to fly continuously, big wings, negative energy resistance 1,
electricity resistance, unbreathing, petrification resistance, rot immunity, AC
+11
a: Fly, Burn Spellbooks, Berserk, Trog's Hand, Brothers in Arms, Renounce
Religion


You were on level 1 of the Snake Pit.
You worshipped Trog.
Trog was extremely pleased with you.
You were not hungry.

You visited 6 branches of the dungeon, and saw 28 of its levels.
You also visited: Labyrinth and Ice Cave.

You collected 2411 gold pieces.
You spent 103 gold pieces at shops.

Inventory:

Hand weapons
 a - a +4 antimagic great mace (weapon)
 b - a +0 blowgun
Missiles
 u - 47 poisoned needles
 z - 7 curare-tipped needles
Armour
 d - a +1 pair of gloves (worn)
 h - a +2 cloak (worn)
 C - a +0 plate armour (worn)
 K - a +1 helmet (worn)
Jewellery
 p - the ring "Kliam" {+/*Tele rC+}
   (You found it in an ice cave)

   [ring of teleportation]

   It causes random teleportation, and can be evoked to teleport at will.
   It protects you from cold.
 s - a ring of protection from cold (left hand)
 B - an uncursed amulet of resist mutation
 F - an uncursed ring of protection from fire
 L - a +5 ring of protection (right hand)
 N - an amulet of resist corrosion (around neck)
Magical devices
 o - a wand of fireball (5)
 t - a wand of digging (13)
 G - a wand of teleportation (3)
Scrolls
 e - 12 scrolls of teleportation
 g - 4 scrolls of magic mapping
 k - 7 scrolls of remove curse
 m - a scroll of identify
 n - 3 scrolls of recharging
 v - 6 scrolls of fear
 y - 2 scrolls of enchant armour
 J - a scroll of fog
 M - 3 scrolls of blinking
Potions
 f - 2 potions of agility
 i - 9 potions of curing
 j - 4 potions of restore abilities
 l - 4 potions of haste
 q - a potion of cancellation
 r - 2 potions of might
 E - a potion of resistance
 H - 7 potions of heal wounds
Miscellaneous
 D - a disc of storms
 T - a legendary deck of changes
Comestibles
 c - 11 bread rations


   Skills:
 - Level 15.0 Fighting
 + Level 13.6 Maces & Flails
 - Level 15.0 Armour
 - Level 10.0 Dodging
 - Level 10.0 Stealth
 - Level 10.0 Evocations


You had 15 spell levels left.
You didn't know any spells.

Dungeon Overview and Level Annotations

Branches:
Dungeon (11/15)            Temple (1/1) D:4            Lair (7/8) D:11
  Swamp (4/5) Lair:5        Snake (1/5) Lair:5          Orc (4/4) D:11
    Elf (0/3) Orc:4
  Slime: Lair:6-8

Altars:
Ashenzari
Cheibriados
Dithmenos
Elyvilon
Fedhas
Gozag
Kikubaaqudgha
Makhleb
Nemelex Xobeh
Okawaru
Qazlal
Ru
Sif Muna
Trog
Vehumet
Xom
Yredelemnul
Zin
The Shining One
Beogh

Shops:
D:8 %   D:9 %   Orc:1 !   Orc:2 }?%   Orc:4 (!(:


Innate Abilities, Weirdness & Mutations

You are resistant to torment.
You are immune to poison.
You can fly continuously.
Your stone body is very resilient (AC +11).
Your wings are large and strong.
You resist negative energy.
You are resistant to electric shocks.
You can survive without breathing.
You are immune to petrification.
You are immune to rotting.


Message History

* * * LOW HITPOINT WARNING * * *
You miss the black mamba. The black mamba misses you.
The black mamba bites you but does no damage.
The black mamba misses you.
Unknown command.
You hit the black mamba but do no damage.
The black mamba barely misses you.
The black mamba bites you but does no damage. x2
You miss the black mamba. The black mamba bites you!
* * * LOW HITPOINT WARNING * * *
The black mamba bites you!
* * * LOW HITPOINT WARNING * * *
The black mamba bites you.
* * * LOW HITPOINT WARNING * * *
You closely miss the black mamba. The black mamba closely misses you.
The black mamba closely misses you.
You sock the black mamba!
The black mamba is moderately wounded.
The black mamba bites you!
You die...

.............##
##....
............##
#....
.........#.##
### ##...
...........##
##.## ##..
.........#.#
##...## #..
..........##
#.....###.#
........#.#
#......#..#
...........#
#......#.##
.........#@##
#.....#..#
........#S†#
##...##.##
...........##
#####.##
#........#..#
#..#
#......#..##
##.##
##....#..#
##..# .
#........#
#..##
##..#.......##
##..#
.........^..#
##..##


You could see a black mamba.

Vanquished Creatures
  Asterion (Swamp:3)
  2 thorn hunters
  Donald (Swamp:3)
  Maud (Snake:1)
  An orc warlord (Orc:4)
  A frost giant (IceCv)
  Snorg (Lair:5)
  A minotaur (Lab)
  Josephine (Swamp:1)
  Harold (Lair:7)
  An anaconda (Snake:1)
  9 hydras
  5 alligators
  6 death yaks
  3 orc high priests
  A fire crab (Lair:7)
  2 spriggan druids
  4 swamp dragons
  An ice statue (IceCv)
  2 hill giants
  A naga ritualist (Snake:1)
  A lindwurm (Lair:6)
  4 orc knights
  A mana viper (Snake:1)
  An oklob plant (D:10)
  2 ugly things (D:11)
  A manticore (D:11)
  A hornet (Swamp:1)
  6 orc sorcerers
  16 elephants
  A gargoyle (D:11)
  3 black mambas
  9 spiny frogs
  The ghost of Galdon the Sneak, an experienced VSAs of Elyvilon (D:6)
  8 komodo dragons
  A fire drake (Lair:4)
  An efreet (D:10)
  16 polar bears
  A two-headed ogre (D:11)
  5 trolls
  6 giant leeches
  A trapdoor spider zombie (D:9)
  8 baby alligators (Swamp:2)
  15 blink frogs
  2 ravens (Swamp:3)
  9 spriggans
  A basilisk (Lair:3)
  7 bog bodies
  4 wraiths (Swamp:1)
  A trapdoor spider (D:10)
  3 shadows
  34 yaks
  2 deep elf magi
  5 hippogriffs
  A steam dragon (Lair:5)
  24 vampire mosquitoes
  21 insubstantial wisps
  23 swamp worms
  A hungry ghost (D:7)
  6 porcupines
  A soldier ant (D:10)
  3 nagas (Lair:5)
  39 wolves
  2 wargs
  7 wasps
  5 swamp drakes
  3 black bears
  20 water moccasins
  19 orc warriors
  A phantom (D:8)
  3 ice beasts
  8 ogres
  A sky beast (D:7)
  3 centaurs
  11 crocodiles
  11 giant frogs
  2 big kobolds
  Blork the orc (D:5)
  5 scorpions
  19 killer bees
  3 wights (D:7)
  5 crimson imps
  6 hounds
  A giant frog skeleton (D:6)
  6 jellies
  9 iguanas
  A centaur skeleton (D:9)
  2 giant frog zombies
  2 centaur zombies
  9 worker ants
  16 orc priests
  24 orc wizards
  Terence (D:3)
  2 hound skeletons
  4 gnolls (Orc:2)
  2 worker ant zombies
  23 adders
  49 river rats
  7 shadow imps
  2 worms
  12 white imps (Orc:3)
  An iguana zombie (D:5)
  An adder skeleton (D:7)
  An adder zombie (D:5)
  5 giant geckos
  146 orcs
  10 giant cockroaches
  23 hobgoblins
  17 jackals
  5 quokkas
  3 ball pythons
  16 bats
  6 giant newts
  2 giant spores
  32 goblins
  A goblin zombie (Orc:4)
  24 kobolds
  4 orc zombies
  14 rats
  5 ballistomycetes
  A briar patch (Swamp:3)
966 creatures vanquished.

Vanquished Creatures (collateral kills)
  Nikola (Swamp:4)
  A bog body (Swamp:4)
  3 vampire mosquitoes (Swamp:4)
  A giant frog (Swamp:4)
6 creatures vanquished.

Vanquished Creatures (others)
  A hornet (Swamp:4)
  A spiny frog (Swamp:4)
  2 yaks (IceCv)
  A wasp (Swamp:2)
  An orc wizard (Orc:3)
  2 orcs
  A hobgoblin (Orc:2)
  A giant spore (D:5)
  9 fungi
  A plant (D:11)
  2 toadstools (Swamp:1)
22 creatures vanquished.

Grand Total: 994 creatures vanquished

Notes
Turn   | Place    | Note
--------------------------------------------------------------
     0 | D:1      | Kloppie, the Gargoyle Berserker, began the quest for the Orb.
     0 | D:1      | Reached XP level 1. HP: 14/14 MP: 1/1
   283 | D:1      | Reached XP level 2. HP: 19/19 MP: 2/2
   693 | D:1      | Reached XP level 3. HP: 24/24 MP: 3/3
   764 | D:1      | Reached skill level 4 in Fighting
  1067 | D:2      | Acquired Trog's second power
  1392 | D:2      | Reached XP level 4. HP: 30/30 MP: 4/4
  1924 | D:3      | Noticed Terence
  1933 | D:3      | Killed Terence
  2125 | D:3      | Reached XP level 5. HP: 34/34 MP: 5/5
  2199 | D:3      | Found an iron altar of Okawaru.
  2243 | D:3      | Reached skill level 5 in Fighting
  2503 | D:4      | Noticed an ogre
  2527 | D:4      | Killed an ogre
  2527 | D:4      | Reached skill level 5 in Maces & Flails
  2527 | D:4      | Reached XP level 6. HP: 18/40 MP: 6/6
  2931 | D:4      | Found a shadowy altar of Dithmenos.
  2932 | D:4      | Found a sparkling altar of Nemelex Xobeh.
  3001 | D:4      | Found a staircase to the Ecumenical Temple.
  3006 | Temple   | Entered the Ecumenical Temple
  3396 | D:4      | Found a radiant altar of Vehumet.
  3396 | D:4      | Found a basalt altar of Yredelemnul.
  3434 | D:5      | Entered Level 5 of the Dungeon
  3616 | D:5      | Reached skill level 6 in Fighting
  3633 | D:5      | Acquired Trog's third power
  3726 | D:5      | Reached XP level 7. HP: 34/47 MP: 7/7
  3844 | D:5      | Found a glowing silver altar of Zin.
  3960 | D:5      | Noticed Blork the orc
  3982 | D:5      | Killed Blork the orc
  4054 | D:6      | Noticed Galdon's ghost (experienced VSAs)
  4062 | D:6      | Reached skill level 7 in Fighting
  4072 | D:6      | Killed Galdon's ghost
  4072 | D:6      | Reached XP level 8. HP: 54/54 MP: 8/8
  4121 | D:6      | Reached skill level 8 in Fighting
  5029 | D:6      | Found an opulent altar of Gozag.
  5178 | D:7      | Reached skill level 9 in Fighting
  5224 | D:7      | Reached XP level 9. HP: 57/60 MP: 9/9
  5630 | D:7      | Reached skill level 10 in Fighting
  5952 | D:7      | Reached skill level 10 in Maces & Flails
  6349 | D:8      | Found Asaquagu's Food Shop.
  6355 | D:8      | Reached XP level 10. HP: 68/68 MP: 10/10
  7329 | D:9      | Reached skill level 5 in Armour
  7466 | D:9      | Found Isiutos' Food Boutique.
  7982 | D:10     | Entered Level 10 of the Dungeon
  8112 | D:10     | Got a spiked ring mail
  8113 | D:10     | Identified the cursed -4 ring mail "Seelo" {rF+ Str-4 Int+3 SInv} (You found it on level 10 of the Dungeon)
  8191 | D:10     | Noticed a hill giant
  8279 | D:10     | Found a white marble altar of Elyvilon.
  8280 | D:10     | Noticed an oklob plant
  8349 | D:10     | Killed an oklob plant
  8349 | D:10     | Reached skill level 5 in Dodging
  8829 | D:10     | Killed a hill giant
  8829 | D:10     | Reached XP level 11. HP: 73/73 MP: 11/11
  9109 | D:11     | Noticed a hill giant
  9122 | D:11     | Killed a hill giant
  9287 | D:11     | Found a stormy altar of Qazlal.
  9303 | D:11     | Noticed an eight-headed hydra
  9318 | D:11     | Killed an eight-headed hydra
  9377 | D:11     | Found a staircase to the Orcish Mines.
  9461 | D:11     | Found a staircase to the Lair.
 10508 | Lair:1   | Entered Level 1 of the Lair of Beasts
 10773 | Lair:1   | Noticed a five-headed hydra
 10786 | Lair:1   | Killed a five-headed hydra
 10786 | Lair:1   | Reached skill level 10 in Armour
 10832 | Lair:1   | Reached skill level 1 in Stealth
 10877 | Lair:1   | Reached XP level 12. HP: 71/79 MP: 12/12
 10911 | Lair:1   | Got a transparent buckler
 10912 | Lair:1   | Identified the +2 buckler "Bannial" {Slay+3} (You found it on level 1 of the Lair of Beasts)
 11673 | Lair:2   | Reached skill level 5 in Stealth
 12018 | Lair:2   | Received a gift from Trog
 13520 | Lair:4   | Received a gift from Trog
 14269 | Lair:4   | Reached skill level 10 in Dodging
 14459 | Lair:5   | Reached skill level 1 in Evocations
 14459 | Lair:5   | Reached XP level 13. HP: 84/84 MP: 5/15
 14499 | Lair:5   | Noticed an eight-headed hydra
 14500 | Lair:5   | Noticed Snorg
 14513 | Lair:5   | Killed an eight-headed hydra
 14524 | Lair:5   | Killed Snorg
 14621 | Lair:5   | Reached skill level 10 in Stealth
 14712 | Lair:5   | Found a staircase to the Snake Pit.
 14933 | Lair:5   | Found a staircase to the Swamp.
 15195 | Lair:5   | Reached skill level 5 in Evocations
 15542 | Lair:6   | Received a gift from Trog
 15698 | Lair:5   | Gained mutation: Your wings are large and strong. [gargoyle growth]
 15698 | Lair:5   | Reached XP level 14. HP: 88/88 MP: 7/27
 15769 | Lair:6   | Reached skill level 10 in Evocations
 15981 | Lair:6   | Reached skill level 11 in Fighting
 16332 | Lair:7   | Reached skill level 12 in Fighting
 16604 | Lair:7   | Reached skill level 13 in Fighting
 16750 | Lair:7   | Noticed Harold
 16760 | Lair:7   | Killed Harold
 16976 | Lair:7   | Reached XP level 15. HP: 97/99 MP: 9/28
 17363 | Orc:1    | Entered Level 1 of the Orcish Mines
 17385 | Orc:1    | Received a gift from Trog
 17689 | Orc:2    | Found a roughly hewn altar of Beogh.
 17710 | Orc:2    | Found Irih's Food Shoppe.
 17858 | Orc:2    | Found a roughly hewn altar of Beogh.
 17865 | Orc:2    | Found Bugassa's Magic Scroll Shoppe.
 17875 | Orc:2    | Bought a scroll of identify for 28 gold pieces
 18152 | Orc:1    | Found an ancient bone altar of Kikubaaqudgha.
 18224 | Orc:1    | Found Gheutig's Distillery.
 18230 | Orc:1    | Bought a potion of heal wounds for 75 gold pieces
 18555 | Orc:3    | Found a frozen archway.
 18612 | IceCv    | Entered an ice cave
 18907 | IceCv    | Reached skill level 14 in Fighting
 19214 | IceCv    | Received a gift from Trog
 19377 | IceCv    | Reached skill level 15 in Fighting
 19395 | IceCv    | Noticed a frost giant
 19563 | IceCv    | Killed a frost giant
 19601 | IceCv    | Got a heavily runed lead ring
 19612 | IceCv    | Identified the ring "Kliam" {+/*Tele rC+} (You found it in an ice cave)
 20228 | Orc:2    | Paralysed by an orc sorcerer for 3 turns
 20553 | Orc:2    | Found Femyffia's Gadget Boutique.
 20680 | Orc:4    | Entered Level 4 of the Orcish Mines
 20773 | Orc:4    | Found a labyrinth entrance.
 20779 | Lab      | Entered a labyrinth
 21249 | Lab      | Identified the Grimoire of Creative Fascination
 21324 | Orc:4    | Found a staircase to the Elven Halls.
 22480 | Orc:4    | Received a gift from Trog
 23301 | Orc:4    | Found Umue's Antique Weapon Shoppe.
 23309 | Orc:4    | Found Lyocvy's Weapon Shop.
 23309 | Orc:4    | Found Zeset's Distillery.
 23310 | Orc:4    | Found Ysteq's Book Shoppe.
 23898 | Snake:1  | Entered Level 1 of the Snake Pit
 23967 | Swamp:1  | Entered Level 1 of the Swamp
 23989 | Swamp:1  | Noticed a thorn hunter
 24007 | Swamp:1  | Killed a thorn hunter
 25107 | Swamp:1  | Noticed Josephine
 25117 | Swamp:1  | Killed Josephine
 25117 | Swamp:1  | Reached XP level 16. HP: 108/108 MP: 9/29
 25996 | Swamp:2  | Reached skill level 15 in Armour
 27234 | Swamp:3  | Got a scorched flail
 27236 | Swamp:3  | Identified the cursed -1 flail "Yzuybb" {crush, +Rage rPois rF+ Int-3} (You found it on level 3 of the Swamp)
 27262 | Swamp:3  | Received a gift from Trog
 27661 | Swamp:3  | Noticed Donald
 27675 | Swamp:3  | Killed Donald
 27750 | Swamp:3  | Noticed Asterion
 27771 | Swamp:3  | Noticed a spectral weapon
 27772 | Swamp:3  | Killed Asterion
 27895 | Swamp:3  | Noticed a thorn hunter
 27918 | Swamp:3  | Killed a thorn hunter
 28532 | Swamp:4  | Noticed Nikola
 28551 | Swamp:4  | Killed Nikola
 29249 | Snake:1  | Noticed Maud
 29259 | Snake:1  | Killed Maud
 29436 | Snake:1  | HP: 5/108 [black mamba (4)]
 29438 | Snake:1  | Slain by a black mamba

Action                   |  1- 3 |  4- 6 |  7- 9 | 10-12 | 13-15 | 16-18 || total
-------------------------+-------+-------+-------+-------+-------+-------++-------
Melee: Mace              |   139 |   251 |    35 |       |       |       ||   425
       Flail             |       |       |   196 |       |       |       ||   196
       Morningstar       |       |       |   113 |   859 |       |       ||   972
       Great mace        |       |       |       |   104 |  1483 |   645 ||  2232
 Fire: Blowgun           |       |    12 |    15 |       |       |       ||    27
Invok: Berserk           |     1 |     1 |     3 |     9 |    11 |     7 ||    32
       Trog's Hand       |     1 |       |     1 |     5 |    10 |    11 ||    28
       Brothers in Arms  |       |       |       |       |       |     2 ||     2
Evoke: Wand              |       |       |     2 |     1 |       |       ||     3
  Use: Scroll            |       |    13 |     3 |    11 |     9 |     7 ||    43
       Potion            |       |       |       |       |     1 |       ||     1
  Eat: Chunk             |     3 |     9 |    10 |    29 |    40 |    19 ||   110
       Beef jerky        |       |       |     1 |     1 |     2 |     1 ||     5
       Pizza             |       |       |     1 |     1 |       |       ||     2
       Bread ration      |       |       |       |     1 |     1 |     1 ||     3
       Fruit             |       |       |       |       |     2 |     2 ||     4
